 Dungeon Crawl Stone Soup version 0.31-a0-1611-g890cdf5628 (webtiles) character file.

Game seed: 9258768077262723628

67 Laraso the Vexing (level 3, -1/28 HPs)
             Began as a Draconian Hexslinger on Jan 9, 2024.
             Slain by a gnoll
             ... wielding a +0 flail
             ... led by a gnoll bouda
              (9 damage)
             ... on level 2 of the Dungeon.
             The game lasted 00:01:41 (1943 turns).

Laraso the Vexing (Draconian Hexslinger)            Turns: 1943, Time: 00:01:42

Health: -1/28      AC:  5    Str: 10    XL:     3   Next: 98%
Magic:  3/4        EV: 12    Int: 13    God:
Gold:   64         SH:  0    Dex: 15    Spells: 2/4 levels left

rFire   . . .        a - +1 sling
rCold   . . .        (no shield)
rNeg    . . .        (body armour unavailable)
rPois   .            (helmet restricted)
rElec   .            (no cloak)
rCorr   .            (no gloves)
SInv    .            (no boots)
Will    .....        (no amulet)
Stlth   +            (no ring)
HPRegen 0.24/turn    (no ring)
MPRegen 0.09/turn

%: no passive effects
@: weak-willed
A: AC +5, unfitting armour, cold-blooded
a: no special abilities


You were on level 2 of the Dungeon.
You visited 1 branch of the dungeon, and saw 3 of its levels.

You collected 64 gold pieces.

Inventory:

Hand Weapons
 a - a +1 sling (weapon)
Scrolls
 b - 2 scrolls of poison
 c - a scroll of fog {unknown}
 d - 4 scrolls of identify {unknown}
 e - a scroll of torment {unknown}
 f - a scroll of teleportation {unknown}
 h - a scroll of revelation {unknown}
Potions
 g - a potion of might {unknown}


   Skills:
 - Level 1.1 Fighting
 * Level 3.3 Ranged Weapons
 - Level 1.7 Dodging
 - Level 1.0 Spellcasting
 + Level 3.3 Hexes
 - Level 1.0 Fire Magic


You had 2 spell levels left.
You knew the following spells:

 Your Spells              Type           Power      Damage    Failure   Level
a - Jinxbite              Hex            18%        N/A       11%         2

Your spell library contained the following spells:

 Spells                   Type           Power      Damage    Failure   Level
 Necrotise                Necr           0%         1d4       28%         1
 Sigil of Binding         Hex            9%         N/A       22%         3
 Inner Flame              Hex/Fire       6%         N/A       34%         3
 Cause Fear               Hex            4%         N/A       56%         4
 Vampiric Draining        Necr           0%         2d6       63%         3
 Dimensional Bullseye     Hex/Tloc       2%         N/A       80%         4
 Martyr's Knell           Necr/Summ      0%         N/A       95%         4
 Curse of Agony           Necr           0%         N/A       100%        5


Dungeon Overview and Level Annotations

Branches:
Dungeon (3/15)

Altars:


Innate Abilities, Weirdness & Mutations

Your plain brown scales are hard. (AC +5)
You cannot fit into any form of body armour.
You are cold-blooded and may be slowed by cold attacks.


Message History

You feel your willpower being sapped. The gnoll barely misses you.
The gnoll misses you. The gnoll hits you but does no damage.
You are poisoned.
You feel sick. The gnoll misses you.
You climb upwards.
You feel sick.
There is a stone staircase leading down, spattered with blood here.
You shoot a sling bullet.
The sling bullet closely misses the gnoll.
You feel sick. The gnoll hits you with a +0 flail! The gnoll misses you.
You shoot a sling bullet.
The sling bullet hits the gnoll but does no damage.
You feel sick. The gnoll hits you with a +0 flail.
You are too injured to fight recklessly!
Fire: a) +1 sling
Press: ? - help, Q - select action, (/) - cycle Shift-Dir - straight line, f/p - gnoll
Aim: a gnoll, wielding a +0 flail (covering ground quickly, chance to call a sprite on attack: 51%, 61% to hit)
You shoot a sling bullet.
The sling bullet barely misses the gnoll.
You feel sick.
You are no longer poisoned.
The gnoll closely misses you.
Fire: a) +1 sling
Press: ? - help, Q - select action, (/) - cycle Shift-Dir - straight line, f/p - gnoll
Aim: a gnoll, wielding a +0 flail (covering ground quickly, chance to call a sprite on attack: 51%, 61% to hit)
You shoot a sling bullet. The sling bullet hits the gnoll.
The gnoll is lightly wounded.
A giggling sprite leaps out and makes the gnoll trip over its own feet.
The gnoll is heavily wounded.
The jinxing sprites lose interest in you.
The gnoll closely misses you.
Fire: a) +1 sling
Press: ? - help, Q - select action, (/) - cycle Shift-Dir - straight line, f/p - gnoll
Aim: a gnoll, wielding a +0 flail (heavily wounded, covering ground quickly, heavily drained, 61% to hit)
You shoot a sling bullet. The sling bullet hits the gnoll.
The gnoll is severely wounded.
The gnoll is no longer moving quickly.
The gnoll hits you with a +0 flail.
* * * LOW HITPOINT WARNING * * *
The gnoll hits you with a +0 flail!
You die...

##..###.######.# #.#
#..#........#.# #.#
#..#.#.#.##.#.# #.#
##....#.#..#.#.# #.#
#.....#.#..#.#.# #.#
#.......#..#.#.# #.#
###.#.###..#.#.# #.#
#.#g# #..#.#.# ###..
#.#@###..#.#.###....
#.#.#....#.#...'....
#.#.#.##.#.#####....
#.#.#....#.# #####
#.#.#....#.#
#.#.'....#.# #######
###.###....#.#
#......
#............#
#......
##############
#......


You could see a gnoll (very drained).

Vanquished Creatures
  A gnoll (D:2)
  2 adders (D:2)
  2 dart slugs
  2 bats (D:2)
  5 endoplasms
  4 giant cockroaches
  2 hobgoblins
  2 quokkas (D:2)
  4 ball pythons
  3 frilled lizards
  A goblin (D:2)
  A kobold (D:2)
  6 rats
35 creatures vanquished.

Notes
Turn   | Place    | Note
-------+----------+-------------------------------------------
     0 | D:1      | Laraso the Draconian Hexslinger began the quest for the
                  | Orb.
     0 | D:1      | Reached XP level 1. HP: 16/16 MP: 2/2
    75 | D:1      | Reached XP level 2. HP: 23/23 MP: 3/3
    78 | D:1      | Learned a level 2 spell: Jinxbite
  1031 | D:2      | Reached XP level 3. HP: 28/28 MP: 4/4
  1604 | D:3      | Noticed a centaur
  1707 | D:3      | HP: 1/28 [centaur/arrow (1)]
  1943 | D:2      | Slain by a gnoll

Illustrated notes

Levels and vault maps discovered:
D:1:      grunt_arrival_lava_bath, layout_basic, serial_rivers,
          chequers_serial_rivers_micro_d, chequers_serial_rivers_micro_c,
          chequers_serial_rivers_micro_d, chequers_serial_rivers_large_a,
          chequers_serial_rivers_room_a, kennysheep_crisscross
D:2:      layout_basic, minmay_crystal_room
D:3:      layout_rooms, uniq_crazy_yiuf_cottage

Skill      XL: |  1  2  3 |
---------------+----------+-----
Ranged Weapons | 2 3 |  3.3
Hexes          | 3 |  3.3
Fighting       | |  1.1
Dodging        | |  1.7
Spellcasting   | |  1.0
Fire Magic     | |  1.0

Action                     || total
---------------------------++-------
   Fire: Sling             ||    86
   Cast: Jinxbite          ||     6
 Armour: Skin              ||    25
  Dodge: Dodged            ||    24

Table legend: (Time is in decaauts)
 A = Elapsed time spent in this place.
 B = Non-inter-level travel time spent in this place.
 C = Inter-level travel time spent in this place.
 D = Time resting spent in this place.
 E = Time spent auto-exploring this place.
 F = Levels seen in this place.
 G = Mean time per level.
                   A        B        C        D        E       F      G
               +--------+--------+--------+--------+--------+-----+--------+
         Total |   1986 |   1696 |    290 |    280 |   1190 |   3 |  662.0 |
       Dungeon |   1986 |   1696 |    290 |    280 |   1190 |   3 |  662.0 |
               +--------+--------+--------+--------+--------+-----+--------+

Top non-repeatable levels by time:
     D:2: 1343 daAuts
     D:1: 575 daAuts
     D:3: 68 daAuts
